 Dungeon Crawl Stone Soup version 0.27-a0-1144-g0b7d3b79db (webtiles) character file.

Game seed: 13698940273068056381

91 Azzok the Chopper (level 4, 46/54 HPs)
             Began as a Demonspawn Berserker on May 10, 2021.
             Was a Believer of Trog.
             Quit the game on level 3 of the Dungeon.
             The game lasted 00:02:02 (2494 turns).

Azzok the Chopper (Demonspawn Berserker)            Turns: 2494, Time: 00:02:03

Health: 46/54      AC:  6    Str: 18    XL:     4   Next: 34%
Magic:  4/4        EV: 11    Int:  9    God:    Trog [**....]
Gold:   58         SH:  0    Dex: 12    Spells: 3/3 levels left

rFire    . . .     SeeInvis +   a - +0 hand axe
rCold    . . .     Faith    .   (no shield)
rNeg     . . .     Spirit   .   f - +0 ring mail
rPois    .         Reflect  .   (no helmet)
rElec    .         Harm     .   (no cloak)
rCorr    .         Rampage  .   (no gloves)
Will     .....                  (no boots)
Stlth    ..........             (no amulet)
HPRegen  0.18/turn              i - ring of see invisible
MPRegen  0.18/turn              (no ring)

@: berserking, very quick
A: rugged brown scales 1, magic regeneration
a: Renounce Religion, Berserk, Trog's Hand


You were on level 3 of the Dungeon.
You worshipped Trog.
Trog was pleased with you.
You visited 1 branch of the dungeon, and saw 3 of its levels.

You collected 68 gold pieces.
You spent 10 gold pieces at shops.

Inventory:

Hand Weapons
 a - a +0 hand axe (weapon)
Armour
 f - a +0 ring mail (worn)
Jewellery
 i - a ring of see invisible (left hand)
Wands
 j - a wand of flame (19)
Scrolls
 c - a scroll of identify {unknown}
 d - a scroll of blinking {unknown}
 e - 4 scrolls of magic mapping {unknown}
 g - a scroll of teleportation {unknown}
 h - a scroll of enchant armour {unknown}
Potions
 b - a potion of curing {unknown}


   Skills:
 - Level 3.0 Fighting
 + Level 4.7 Axes
 - Level 1.7 Armour
 - Level 1.7 Dodging


You had 3 spell levels left.
You didn't know any spells.
Your spell library was empty.

Dungeon Overview and Level Annotations

Branches:
Dungeon (3/15)

Altars:

Shops:
D:1 !


Innate Abilities, Weirdness & Mutations

You are partially covered in rugged brown scales. (AC +1, +3% HP)
You regenerate magic rapidly.


Message History

Ijyb the Twisted Goblin comes into view.
She is wielding a +0 dagger and carrying a wand of flame (21).
Ijyb shouts!
Ijyb zaps a wand.
The puff of flame hits you!
There is a stone staircase leading up here.
Ijyb screams, "I cut your head off!"
You climb upwards.
There is a stone staircase leading down here.
You climb downwards.
Level annotation: Ijyb Ijyb zaps a wand.
The puff of flame hits you.
There is a stone staircase leading up here.
A red film seems to cover your vision as you go berserk!
You feel yourself moving faster!
You feel mighty! Ijyb closely misses you.
You hit Ijyb.
Ijyb is moderately wounded.
Ijyb barely misses you.
You closely miss Ijyb.
Ijyb is moderately wounded.
You hit Ijyb.
Ijyb is moderately wounded.
Ijyb barely misses you.
You closely miss Ijyb.
Ijyb is moderately wounded.
Ijyb closely misses you.
You hit Ijyb.
Ijyb is severely wounded.
Ijyb hits you with a +0 dagger.
You slash Ijyb!
You kill Ijyb!
Trog accepts your kill.
You have reached level 4!
You feel clever.
Your demonic ancestry asserts itself...
Your magic begins to regenerate rapidly.
You barely miss the orc. You slash the orc!
You kill the orc!
Trog accepts your kill.
j - a wand of flame (19)
Items here: )) [[ †.
Are you sure you want to abandon this character and quit the game? (Confirm with "yes".)

▒··· ▒▒··
▒▒·>▒
▒▒▒▒···▒▒
╬·······▒
▒▒▒▒···▒▒▒▒
▒·······▒
▒·▒▒·▒▒·▒
▒@▒▒·▒ ▒
▒<▒▒··
▒·▒▒··▒ ▒·▒
··▒ ▒·· ▒▒▒


There were no monsters in sight!

Vanquished Creatures
  Ijyb (D:3)
  2 adders (D:2)
  A worm (D:2)
  An orc (D:3)
  6 ball pythons
  An endoplasm (D:2)
  2 giant cockroaches (D:1)
  5 goblins
  6 hobgoblins (D:1)
  4 jackals (D:1)
  6 kobolds
  2 quokkas
  3 bats
  2 frilled lizards
  A rat (D:1)
43 creatures vanquished.

Notes
Turn   | Place    | Note
-------+----------+-------------------------------------------
     0 | D:1      | Azzok the Demonspawn Berserker began the quest for the Orb.
     0 | D:1      | Reached XP level 1. HP: 18/18 MP: 1/1
    43 | D:1      | Reached skill level 3 in Axes
    91 | D:1      | Found a faded altar of an unknown god.
   148 | D:1      | Gained mutation: You are partially covered in rugged brown
                  | scales. (AC +1, +3% HP) [demonic ancestry]
   148 | D:1      | Reached XP level 2. HP: 15/24 MP: 2/2
   716 | D:1      | Reached ** piety under Trog
   769 | D:1      | Reached XP level 3. HP: 29/29 MP: 3/3
  1095 | D:1      | Found Jolocah's Distillery.
  1103 | D:1      | Bought a potion of degeneration for 10 gold pieces
  1209 | D:2      | Reached skill level 4 in Axes
  2391 | D:3      | Noticed Ijyb
  2489 | D:3      | Killed Ijyb
  2490 | D:3      | Gained mutation: You regenerate magic rapidly. [demonic
                  | ancestry]
  2490 | D:3      | Reached XP level 4. HP: 36/36 MP: 4/4
  2494 | D:3      | Quit the game

Illustrated notes

Levels and vault maps discovered:
D:1:      dpeg_arrival_pits, layout_rooms,
          hellmonk_ecumenical_altar_heavens_door, serial_shops, shop,
          minmay_pentomino_z2
D:2:      layout_basic
D:3:      layout_loops_corners, uniq_jessica, uniq_sigmund, uniq_ijyb

Skill      XL: |  1  2  3 |
---------------+----------+-----
Axes           | 3 4 |  4.7
Fighting       | |  3.0
Armour         | |  1.7
Dodging        | |  1.7

Action                   |  1- 3 |  4- 6 || total
-------------------------+-------+-------++-------
Melee: Hand axe          |   121 |     2 ||   123
Invok: Berserk           |     3 |       ||     3
Armor: Animal skin       |    10 |       ||    10
       Ring mail         |    27 |       ||    27
Dodge: Dodged            |    70 |       ||    70

Table legend: (Time is in decaauts)
 A = Elapsed time spent in this place.
 B = Non-inter-level travel time spent in this place.
 C = Inter-level travel time spent in this place.
 D = Time resting spent in this place.
 E = Time spent auto-exploring this place.
 F = Levels seen in this place.
 G = Mean time per level.
                   A        B        C        D        E       F      G
               +--------+--------+--------+--------+--------+-----+--------+
         Total |   2517 |   2432 |     85 |     80 |   2041 |   3 |  839.0 |
       Dungeon |   2517 |   2432 |     85 |     80 |   2041 |   3 |  839.0 |
               +--------+--------+--------+--------+--------+-----+--------+

Top non-repeatable levels by time:
     D:2: 1351 daAuts
     D:1: 1142 daAuts
     D:3: 24 daAuts
